 Dungeon Crawl Stone Soup version 0.30.1-4-g462c640d31 (webtiles) character file.

Game seed: 13129945611375900421

3175 Peloso the Carver (level 9, 0/79 HPs)
             Began as a Minotaur Fighter on Sept 18, 2023.
             Was an Initiate of Okawaru.
             Slain by an acid dragon (1 damage)
             ... on level 8 of the Dungeon.
             The game lasted 00:17:25 (8161 turns).

Peloso the Carver (Minotaur Fighter)                Turns: 8161, Time: 00:17:27

Health: 0/79       AC: 11    Str: 29    XL:     9   Next: 63%
Magic:  8/8        EV: 11    Int:  4    God:    Okawaru [......]
Gold:   476        SH:  5    Dex: 12    Spells: 8/8 levels left

rFire   + . .        a - +1 long sword
rCold   . . .        d - +0 buckler
rNeg    . . .        p - +2 scale mail "Yhyeg" {Will+ Str+3}
rPois   +            (helmet restricted)
rElec   .            (no cloak)
rCorr   .            (no gloves)
SInv    .            c - +0 pair of boots
Will    +....        r - amulet of the acrobat Stlth
                     i - ring of protection from fire
HPRegen 0.33/turn    (no ring)
MPRegen 0.11/turn

%: acrobat
@: no status effects
A: horns 2, retaliatory headbutt, poison resistance, strong 1
a: Renounce Religion


You were on level 8 of the Dungeon.
You worshipped Okawaru.
Okawaru was noncommittal.
You visited 1 branch of the dungeon, and saw 8 of its levels.
You also visited: Sewer.

You collected 476 gold pieces.

Inventory:

Hand Weapons
 a - a +1 long sword (weapon)
 b - the +1 falchion of Ykhygadu {flame, rElec Will- rCorr Int+2}
   (You found it on level 7 of the Dungeon)

   Int:       It affects your intelligence (+2).
   rElec:     It insulates you from electricity.
   rCorr:     It protects you from acid and corrosion.
   Will:      It decreases your willpower.
Missiles
 h - a throwing net (quivered)
Armour
 c - a +0 pair of boots (worn)
 d - a +0 buckler (worn)
 p - the +2 scale mail "Yhyeg" (worn) {Will+ Str+3}
   (You found it on level 2 of the Dungeon)

   Str:       It affects your strength (+3).
   Will:      It increases your willpower.
Jewellery
 i - a ring of protection from fire (left hand)
 r - an amulet of the acrobat (around neck)
 x - an amulet of magic regeneration
Wands
 k - a wand of digging (5)
 l - a wand of roots (4)
Scrolls
 g - 2 scrolls of fear
 o - 2 scrolls of teleportation
 q - 3 scrolls of enchant weapon
 t - a scroll of magic mapping
 u - 3 scrolls of identify
 v - a scroll of poison {unknown}
 y - a scroll of fog
 B - a scroll of immolation {unknown}
Potions
 e - a potion of brilliance
 f - a potion of might
 j - 3 potions of cancellation
 m - 4 potions of flight {unknown}
 n - a potion of degeneration {unknown}
 s - 2 potions of attraction {unknown}
 w - 2 potions of heal wounds {unknown}
 z - 3 potions of berserk rage {unknown}
 A - 2 potions of invisibility {unknown}


   Skills:
 + Level 7.3 Fighting
 + Level 10.0 Long Blades
 + Level 9.4 Armour
 + Level 3.6 Dodging
 + Level 1.3 Stealth
 + Level 6.4 Shields
 + Level 1.3 Evocations


You had 8 spell levels left.
You didn't know any spells.
Your spell library contained the following spells:

 Spells                   Type           Power      Damage    Failure   Level
 Magic Dart               Conj           0%         1d3       77%         1
 Searing Ray              Conj           0%         2d4       88%         2
 Frozen Ramparts          Ice            0%         1d1       98%         3
 Mephitic Cloud           Conj/Pois/Air  0%         N/A       98%         3
 Fulminant Prism          Conj/Hex       0%         3d5       100%        4
 Ice Form                 Ice/Tmut       0%         N/A       100%        4
 Blade Hands              Tmut           0%         N/A       100%        5
 Iron Shot                Conj/Erth      0%         9d1       100%        6
 Call Imp                 Summ           Unusable   N/A       N/A         2
 Animate Armour           Summ/Erth      Unusable   N/A       N/A         4
 Summon Ice Beast         Ice/Summ       Unusable   N/A       N/A         4

Dungeon Overview and Level Annotations

Branches:
Dungeon (8/15)             Temple (0/1) D:5           Sewer (visited)
   Lair: D:8-11

Altars:
Fedhas
Kikubaaqudgha
Nemelex Xobeh
Okawaru
Ru
Sif Muna
Trog
Uskayaw
Wu Jian
Zin
The Shining One

Shops:
D:1 [

Annotations:
D:3 dig
D:4 1 runed translucent door, Peloso's ghost, amateur MiFi


Innate Abilities, Weirdness & Mutations

You have a pair of horns on your head.
You reflexively headbutt those who attack you in melee.
Your system is resistant to poisons. (rPois)
Your muscles are strong. (Str +4, Int/Dex -1)


Message History

The acid dragon bites you but does no damage.
The acid dragon claws you but does no damage.
You barely miss the acid dragon.
The acid dragon is moderately wounded.
An orc priest comes into view. It is wielding a +0 hand axe.
The acid dragon spits acid at you. The splash of acid hits you!!
The acid corrodes you!
You hear a shout!
You barely miss the acid dragon.
The acid dragon is moderately wounded.
You closely miss the acid dragon. Your headbutt misses the acid dragon.
The acid dragon is moderately wounded.
The acid dragon bites you!
* * * LOW HITPOINT WARNING * * *
You block the acid dragon's attack.
You hit the acid dragon but do no damage.
You headbutt the acid dragon!
The acid dragon is severely wounded.
The acid dragon bites you!
* * * LOW HITPOINT WARNING * * *
You block the acid dragon's attack.
You hit the acid dragon.
You headbutt the acid dragon, but do no damage.
The acid dragon is severely wounded.
The acid dragon bites you but does no damage.
The acid dragon claws you.
* * * LOW HITPOINT WARNING * * *
You hit the acid dragon but do no damage.
The acid dragon is severely wounded.
You block the acid dragon's attack. The acid dragon claws you.
* * * LOW HITPOINT WARNING * * *
Unknown command.
It was a potion of cancellation.
Your magical effects are unravelling.
You feel magically purged.
You are no longer corroded.
The orc wizard hits you but does no damage.
The orc priest begins to cast a cantrip, but forgets the words!
The acid dragon bites you.
You die...

... ... ... ###
#.# .... #.# .....
#.# #
......#.#####..###
.......<)D@oo.o...
......#.#######.#.
..... #.# #### #.#
#.# #.# ... ...


You could see an acid dragon, 2 orc priests and an orc wizard.

Vanquished Creatures
  2 slime creatures (D:7)
  A water moccasin (D:5)
  An orc warrior (D:7)
  2 black bears (D:6)
  2 sky beasts (D:6)
  2 ice beasts
  A centaur (D:6)
  A phantom (D:6)
  5 kobold brigands
  Blork the orc (D:5)
  2 bullfrogs
  3 scorpions (D:5)
  3 wights (D:7)
  3 killer bees (D:7)
  A howler monkey (D:5)
  8 jellies
  4 orc priests
  3 hounds
  2 iguanas
  A sleepcap (D:6)
  6 orc wizards
  8 adders
  3 gnolls (D:5)
  A river rat (Sewer)
  A shadow imp (D:7)
  An ufetubus (D:7)
  3 worms
  12 orcs
  9 ball pythons
  14 endoplasms
  2 giant cockroaches
  6 goblins
  2 hobgoblins (D:1)
  2 quokkas
  9 bats
  A frilled lizard (D:3)
  15 kobolds
  21 rats
164 creatures vanquished.

Vanquished Creatures (others)
  A kobold (D:8)
1 creature vanquished.

Grand Total: 165 creatures vanquished

Notes
Turn   | Place    | Note
-------+----------+-------------------------------------------
     0 | D:1      | Peloso the Minotaur Fighter began the quest for the Orb.
     0 | D:1      | Reached XP level 1. HP: 19/19 MP: 0/0
   143 | D:1      | Reached XP level 2. HP: 27/27 MP: 1/1
   150 | D:1      | Found Faapiguoxo's Antique Armour Shop.
   832 | D:2      | Reached skill level 3 in Long Blades
   832 | D:2      | Reached XP level 3. HP: 32/33 MP: 2/2
  1257 | D:2      | Identified the +2 scale mail "Yhyeg" {Will+ Str+3}
  1417 | D:3      | Reached XP level 4. HP: 40/40 MP: 3/3
  1478 | D:3      | Found an ornate altar of the Wu Jian Council.
  1986 | D:3      | Found a glowing silver altar of Zin.
  2126 | D:4      | Reached skill level 4 in Long Blades
  2390 | D:4      | Noticed a bullfrog
  2395 | D:4      | Killed a bullfrog
  2396 | D:4      | Reached XP level 5. HP: 35/47 MP: 4/4
  2448 | D:4      | Found a sacrificial altar of Ru.
  2534 | D:4      | Found a blossoming altar of Fedhas.
  2577 | D:4      | Reached skill level 5 in Long Blades
  2577 | D:4      | Reached skill level 1 in Dodging
  2715 | D:4      | Found a runed translucent door.
  2720 | D:4      | Noticed Peloso's ghost (amateur MiFi)
  2798 | D:4      | Found a bloodstained altar of Trog.
  2939 | D:5      | Entered Level 5 of the Dungeon
  2952 | D:5      | Noticed Blork the orc
  2956 | D:5      | Reached skill level 5 in Armour
  2956 | D:5      | Noticed an ice beast
  2961 | D:5      | Killed Blork the orc
  2962 | D:5      | Reached XP level 6. HP: 53/53 MP: 5/5
  2989 | D:5      | Killed an ice beast
  2990 | D:5      | Reached skill level 6 in Long Blades
  3005 | D:5      | Gained mutation: You are strong-willed. (Will+) [potion of
                  | mutation]
  3005 | D:5      | Gained mutation: Your spells are a little easier to cast,
                  | but a little less powerful. [potion of mutation]
  3005 | D:5      | Gained mutation: Your muscles are strong. (Str +4, Int/Dex
                  | -1) [potion of mutation]
  3010 | D:5      | Reached XP level 7. HP: 11/60 MP: 6/6
  3034 | D:5      | Lost mutation: You are strong-willed. (Will+) [potion of
                  | mutation]
  3034 | D:5      | Lost mutation: Your spells are a little easier to cast, but
                  | a little less powerful. [potion of mutation]
  3034 | D:5      | Gained mutation: Your system is resistant to poisons.
                  | (rPois) [potion of mutation]
  3152 | D:5      | Found a staircase to the Ecumenical Temple.
  3245 | D:5      | Found a shimmering blue altar of Sif Muna.
  3306 | D:5      | Found a glowing drain.
  3312 | D:5      | Reached skill level 5 in Fighting
  3318 | Sewer    | Entered a sewer
  3463 | Sewer    | Reached skill level 7 in Long Blades
  3463 | Sewer    | Reached skill level 5 in Shields
  3647 | Sewer    | Reached XP level 8. HP: 39/68 MP: 7/7
  3911 | Sewer    | Reached skill level 1 in Stealth
  4592 | D:5      | Found a hide-covered altar of Uskayaw.
  5344 | D:6      | Reached skill level 8 in Long Blades
  5738 | D:6      | Reached skill level 1 in Evocations
  6406 | D:7      | Identified the +1 falchion of Ykhygadu {flame, rElec Will-
                  | rCorr Int+2}
  6482 | D:7      | Reached XP level 9. HP: 66/75 MP: 8/8
  7196 | D:7      | Reached skill level 9 in Long Blades
  7197 | D:7      | Found an iron altar of Okawaru.
  7308 | D:7      | Found a sparkling altar of Nemelex Xobeh.
  7319 | D:7      | Found a glowing golden altar of the Shining One.
  7322 | D:7      | Became a worshipper of Warmaster Okawaru
  7997 | D:7      | Found an ancient bone altar of Kikubaaqudgha.
  8149 | D:8      | Reached skill level 10 in Long Blades
  8158 | D:8      | HP: 3/79 [acid dragon (12)]
  8159 | D:8      | HP: 1/79 [acid dragon (2)]
  8161 | D:8      | Slain by an acid dragon

Illustrated notes

Levels and vault maps discovered:
D:1:      lemuel_arrival_river_ford, layout_rooms, serial_shops,
          nicolae_shop_stone
D:2:      layout_basic, minmay_misc_feat_tiny, grunt_decor_one_mirror
D:3:      layout_loops_cross, pdpol_wu_jian_five_deadly_venoms, zin_scriptorium,
          kennysheep_generic_room_4
D:4:      layout_loops_ring, bloody_trog, general_overflow_altar,
          ebering_ghost_reflecting_pool, kennysheep_diamond, ldierk_geyser
D:5:      wander_river, layout_loops_ring, led_sif_book,
          lemuel_coloured_pillars_altar, minmay_temple_entry_mini_moons,
          portal_sewer_entry_a, nicolae_figureground_pulse, uniq_blork_the_orc
D:6:      layout_basic
D:7:      cheibrodos_fertilizer, layout_loops_corners, kennysheep_little_box,
          grunt_temple_overflow_open, chequers_hall_statues_corner_a,
          kennysheep_crisscross
D:8:      layout_rooms, enter_bailey_6, uniq_prince_ribbit1, uniq_maggie

Skill      XL: |  1  2  3  4  5  6  7  8  9 |
---------------+----------------------------+-----
Fighting       | 4 5 6 7 |  7.3
Armour         | 4 5 6 8 9 |  9.4
Long Blades    | 3 4 5 6 7 8 10 | 10.0
Shields        | 4 5 6 |  6.4
Dodging        | 1 2 3 |  3.6
Stealth        | 1 |  1.3
Evocations     | 1 |  1.3

Action                     |  1- 3 |  4- 6 |  7- 9 || total
---------------------------+-------+-------+-------++-------
  Melee: Long sword        |    81 |    93 |   365 ||   539
         Headbutt          |     7 |    12 |    66 ||    85
  Evoke: Wand              |       |       |     7 ||     7
    Use: Potion            |       |     3 |     3 ||     6
         Scroll            |       |       |     9 ||     9
 Armour: Scale mail        |    41 |    45 |   154 ||   240
  Dodge: Dodged            |    46 |    37 |   151 ||   234
  Block: Buckler           |    23 |    28 |    95 ||   146
